Map: Frozen Temple

Players

ductTAPE

  • Race: Zerg Zerg
  • League: Master

Miszu - Winner!

  • Race: Terran Terran
  • League: Master

VOD

Have the link to the VOD?

Description

Time

  • Played on: April 19, 2016, 2:42 p.m.
  • Length: 10:51
Show
View Real Time Build Order
Export as new Build Order

ductTAPE Zerg 

Build Orders: Pool First, Muta Ling Bane 

Get SALT Encoding   

  12  0:00  Drone  
  13  0:12  Overlord  
  13  0:17  Drone  
  14  0:30  Drone  
  14  0:31  Drone  
  14  0:34  Drone  
  17  0:39  Extractor  
  16  0:48  Spawning Pool  
  15  0:51  Drone  
  17  0:57  Drone  
  17  1:06  Drone  
  18  1:23  Hatchery  
  17  1:36  Roach Warren  
  16  1:45  Queen  
  18  1:49  Drone  
  18  1:53  Drone  
  20  2:00  Overlord  
  20  2:17  Roach  
  20  2:18  Roach  
  26  2:22  Roach  
  26  2:32  Roach  
  26  2:35  Roach  
  30  2:38  Queen  
  32  2:48  Drone x2  
  34  2:52  Overlord  
  34  3:00  Ravager x2  
  36  3:12  Drone x4  
  40  3:13  Drone  
  40  3:17  Ravager  
  40  3:19  Overlord  
  42  3:25  Drone  
  43  3:41  Drone x3  
  44  3:44  Overlord  
  44  3:45  Overlord  
  46  3:49  Drone x2  
  46  3:53  Drone  
  46  3:55  Lair  
  49  4:01  Drone x2  
  49  4:02  Drone  
  52  4:07  Extractor x2  
  52  4:08  Extractor  
  49  4:12  Drone x3  
  52  4:18  Drone x3  
  55  4:27  Drone x5  
  60  4:32  Overlord  
  60  4:45  Hatchery  
  59  4:47  Metabolic Boost  
  59  4:51  Roach  
  61  4:59  Spire, Drone  
  61  5:00  Drone  
  61  5:04  Overlord  
  62  5:08  Roach  
  62  5:10  Ravager  
  65  5:27  Glial Reconstitution  
  65  5:31  Roach x3  
  65  5:32  Roach x2  
  75  5:36  Zergling x12  
  75  5:37  Zergling x2  
  82  5:42  Queen  
  84  5:50  Overlord x2  
  81  6:02  Zergling x14  
  86  6:07  Overlord  
  86  6:08  Overlord  
  86  6:17  Mutalisk  
  88  6:23  Zerg Flyer Armor Level 1  
  88  6:24  Mutalisk  
  90  6:28  Mutalisk  
  90  6:29  Mutalisk  
  94  6:36  Mutalisk  
  94  6:37  Mutalisk  
  98  6:46  Hatchery  
  97  6:50  Mutalisk  
  99  6:57  Baneling Nest, Drone x2  
  99  6:59  Drone  
  101  7:03  Queen  
  101  7:06  Mutalisk  
  105  7:10  Overlord  
  105  7:29  Zergling x14  
  114  7:30  Zergling x4  
  114  7:37  Overlord x2  
  114  7:38  Overlord  
  114  7:45  Baneling x5  
  114  7:49  Centrifical Hooks  
  112  7:51  Zergling x4  
  112  7:52  Zergling x2  
  115  8:06  Zergling x2  
  115  8:07  Zergling x16  
  124  8:25  Baneling  
  124  8:26  Baneling x12  
  123  8:27  Zergling x2  
  123  8:28  Zergling x10  
  123  8:34  Overlord  
  129  8:38  Mutalisk x2  
  133  8:46  Zergling x10  
  138  8:56  Baneling x5  
  109  9:12  Zergling x18  
  109  9:13  Zergling x6  
  112  9:25  Baneling x2  
  112  9:26  Baneling x4  
  112  9:28  Zergling x2  
  112  9:29  Zergling x14  
  112  9:31  Baneling x3  
  118  9:32  Baneling x2  
  118  9:33  Baneling  
  111  9:48  Zergling x10  
  111  9:50  Ravager x4  
  111  9:51  Zergling x2  
  111  9:52  Zergling x2  
  106  10:03  Zergling x18  
  106  10:13  Zergling x2  
  106  10:14  Zergling x4  
  96  10:23  Zergling x6  
  96  10:27  Overseer  
Show
View Real Time Build Order
Export as new Build Order

Miszu Terran - Winner!

Build Orders: Reaper Expand, MMM Bio 

Get SALT Encoding   

  12  0:01  SCV  
  13  0:14  SCV  
  14  0:18  Supply Depot  
  14  0:26  SCV  
  15  0:40  SCV  
  15  0:41  Barracks  
  16  0:44  Refinery  
  16  0:52  SCV  
  18  1:04  SCV  
  18  1:16  SCV  
  19  1:28  Orbital Command  
  19  1:29  Reaper  
  20  1:42  Command Center  
  20  1:52  Supply Depot  
  20  1:53  SCV  
  21  2:01  Marine  
  22  2:06  SCV  
  23  2:11  Factory  
  23  2:15  Refinery  
  23  2:18  SCV  
  24  2:29  Barracks Reactor  
  24  2:30  SCV  
  25  2:42  SCV  
  26  2:49  Bunker  
  26  2:54  SCV, Orbital Command  
  26  2:56  Starport  
  26  2:57  Factory Tech Lab  
  27  3:05  Marine x2  
  29  3:07  SCV  
  30  3:19  SCV  
  31  3:21  Siege Tank  
  31  3:22  Marine  
  31  3:26  SCV  
  36  3:31  SCV  
  37  3:35  Marine  
  37  3:39  SCV  
  39  3:42  Marine  
  39  3:45  Medivac  
  39  3:46  SCV  
  43  3:51  SCV  
  43  3:53  Marine  
  45  3:58  SCV  
  46  4:08  Supply Depot, Siege Tank, SCV  
  50  4:12  Liberator  
  50  4:18  SCV  
  50  4:20  SCV  
  50  4:21  Marine  
  50  4:22  Marine  
  54  4:30  SCV  
  58  4:37  SCV  
  59  4:42  SCV  
  60  4:45  Supply Depot  
  60  4:52  SCV  
  61  4:53  Command Center  
  61  5:05  SCV  
  61  5:07  Marine x2  
  62  5:08  SCV  
  62  5:10  Barracks  
  62  5:11  Supply Depot, Barracks  
  65  5:17  Starport Reactor, Siege Tank  
  68  5:24  Marine x2  
  70  5:28  Engineering Bay  
  70  5:29  Engineering Bay  
  70  5:33  SCV  
  71  5:42  Marine  
  71  5:45  Marine  
  73  6:00  Marine  
  73  6:03  Marine  
  73  6:04  Terran Infantry Armor Level 1, Terran Infantry Weapons Level 1, Barracks Tech Lab x2  
  74  6:07  Orbital Command  
  74  6:08  SCV x2  
  74  6:10  Barracks  
  76  6:12  Barracks  
  76  6:18  Marine  
  80  6:19  Refinery  
  80  6:20  Supply Depot, Refinery, SCV x2  
  80  6:21  Supply Depot, Marine  
  83  6:26  Stimpack  
  83  6:29  Marine x2  
  83  6:30  Medivac  
  83  6:32  SCV x2  
  86  6:34  Supply Depot  
  86  6:36  Marine  
  86  6:39  Marine  
  88  6:40  Missile Turret x2  
  88  6:44  SCV x2  
  90  6:50  Missile Turret  
  90  6:51  Marine  
  90  6:54  Orbital Command  
  91  6:56  Marine, Combat Shields  
  91  6:57  Supply Depot, Marine  
  91  6:58  Barracks Reactor  
  91  7:00  Barracks  
  93  7:11  SCV  
  93  7:12  SCV  
  93  7:14  Missile Turret  
  95  7:15  Refinery  
  94  7:23  SCV  
  94  7:24  SCV  
  94  7:25  SCV  
  94  7:28  Marine x4  
  101  7:31  Supply Depot  
  101  7:35  Supply Depot  
  101  7:36  Supply Depot, SCV x2  
  101  7:37  SCV  
  104  7:38  Armory  
  104  7:46  Marine x2  
  104  7:48  SCV x2  
  104  7:49  SCV  
  108  7:53  Medivac x2  
  112  8:00  SCV x2  
  112  8:01  SCV  
  112  8:03  Supply Depot  
  112  8:04  Supply Depot  
  112  8:05  Factory Reactor  
  115  8:11  Marine  
  115  8:12  Barracks Reactor, SCV x2  
  118  8:13  Marine x3, SCV  
  118  8:14  Marine x2  
  124  8:26  Terran Infantry Armor Level 2, Terran Infantry Weapons Level 2  
  127  8:27  Terran Vehicle Weapons Level 1  
  127  8:29  Marine  
  127  8:31  Marine x5  
  127  8:33  Bunker  
  130  8:36  Barracks  
  130  8:37  Barracks  
  130  8:38  Barracks  
  130  8:40  Medivac x2  
  134  8:44  Widow Mine x2  
  134  8:47  Marine  
  139  8:49  Marine x2  
  139  8:50  Marauder x2  
  139  8:51  Supply Depot  
  139  8:52  Supply Depot, Marine  
  146  9:00  Marine  
  147  9:07  Marine  
  130  9:11  Marauder  
  130  9:12  Marine  
  130  9:13  Marine x4  
  111  9:18  Marine  
  108  9:25  Marine  
  108  9:26  Barracks Tech Lab  
  108  9:27  Barracks Tech Lab  
  108  9:28  Barracks Tech Lab  
  108  9:29  Marine  
  108  9:30  Marine  
  108  9:31  Marine x3, SCV x3  
  114  9:32  Marine  
  114  9:36  Marine, Widow Mine x2  
  123  9:43  Marine, SCV  
  113  9:47  Marine  
  113  9:48  Marine x3, Marauder  
  113  9:49  Marine x3, Medivac x2  
  113  9:50  Marine  
  114  10:04  SCV x2, Widow Mine  
  114  10:06  Marauder  
  111  10:11  Marine, Marauder  
  111  10:12  Marauder  
  100  10:22  Marine  
  100  10:23  Marine x5, Marauder  
  100  10:27  Marine  
  106  10:29  Marine  
  106  10:32  Marine  
  106  10:33  Marine  
Tags
 
Add a new tag
Caveats
  • Supply blocks, unpowered buildings, or Contaminate may cause inaccurate times.
  • Supply counts are checked every 10 seconds.